 Dungeon Crawl Stone Soup version 0.28.0-43-g3370ac3207 (webtiles) character file.

Game seed: 9661011509066434136

30 Milton the Scratcher (level 3, -12/15 HPs)
             Began as a Felid Transmuter on Mar 6, 2022.
             Was a Follower of Makhleb.
             Mangled by Crazy Yiuf
             ... wielding a +2 quarterstaff of chaos
              (15 damage)
             ... on level 2 of the Dungeon.
             The game lasted 00:09:02 (1460 turns).

Milton the Scratcher (Felid Transmuter)             Turns: 1460, Time: 00:09:04

Health: -12/15     AC:  1    Str:  8    XL:     3   Next: 5%
Magic:  0/7        EV: 17    Int: 14    God:    Makhleb [*.....]
Gold:   160        SH:  0    Dex: 16    Spells: 0/6 levels left
                                        Lives:  0   Deaths: 0

rFire   . . .      SeeInvis +     - Unarmed
rCold   . . .      Faith    .   (shield unavailable)
rNeg    . . .      Spirit   +   (armour unavailable)
rPois   .          Reflect  .   (helmet unavailable)
rElec   .          Harm     .   (cloak unavailable)
rCorr   .          Rampage  .   (gloves unavailable)
Will    .....                   (boots unavailable)
Stlth   ++........              j - amulet of guardian spirit
HPRegen 0.05/turn               (no ring)
MPRegen 0.10/turn               (no ring)

@: appendages, very slightly contaminated, quick
A: horns 2, very small, claws 1, fangs 3, see invisible, speed 1, shaggy fur 1,
stealthy paws, no weapons or thrown items, no armour, multi-lived
a: End Transformation, Renounce Religion


You were on level 2 of the Dungeon.
You worshipped Makhleb.
Makhleb was aware of your devotion.
You had temporarily grown beastly horns.
You visited 1 branch of the dungeon, and saw 3 of its levels.

You collected 160 gold pieces.

Inventory:

Jewellery
 j - an amulet of guardian spirit (around neck)
Wands
 i - a wand of charming (6)
Scrolls
 a - a scroll of amnesia {unknown}
 b - a scroll of fog {unknown}
 c - a scroll of teleportation
 d - a scroll of fear
 e - a scroll of immolation
 g - a scroll of brand weapon {unknown}
 h - a scroll of holy word {unknown}
Potions
 f - a potion of haste {unknown}


   Skills:
 * Level 1.3 Fighting
 * Level 3.0 Dodging
 * Level 1.2 Stealth
 * Level 3.3 Unarmed Combat
 * Level 2.3 Spellcasting
 * Level 2.4 Transmutations


You couldn't memorise any spells.
You knew the following spells:

 Your Spells              Type           Power      Damage    Failure   Level
a - Beastly Appendage     Tmut           16%        N/A       9%          1
b - Wereblood             Tmut           8%         N/A       13%         2
c - Spider Form           Tmut/Pois      4%         N/A       38%         3

Your spell library contained the following spells:

 Spells                   Type           Power      Damage    Failure   Level
 Ice Form                 Ice/Tmut       4%         N/A       80%         4


Dungeon Overview and Level Annotations

Branches:
Dungeon (3/15)

Altars:
Makhleb

Annotations:
D:2 Crazy Yiuf


Innate Abilities, Weirdness & Mutations

You have temporarily grown beastly horns.
You have sharp claws.
You have razor-sharp teeth.
You have supernaturally acute eyesight. (SInv)
You cover ground quickly. (Speed+)
You are covered in fur. (AC +1)
Your paws help you pounce on unaware monsters.
You are incapable of wielding weapons or throwing items.
You cannot wear armour.
You gain extra lives every three experience levels.


Message History

Casting: Beastly Appendage (safe; 9% risk of failure)
Confirm with . or Enter, or press ? or * to list all spells.
The spell is potentially lethal to miscast (38% risk of failure)!
Continue anyway?
You miscast Spider Form.
You are very lightly contaminated with residual magic.
Your body is twisted painfully.
Casting: Spider Form (potentially lethal; 38% risk of failure)
Confirm with . or Enter, or press ? or * to list all spells.
The spell is potentially lethal to miscast (38% risk of failure)!
Continue anyway?
You turn into a venomous arachnid creature.
You open the door. You hit Crazy Yiuf.
Crazy Yiuf is poisoned.
Crazy Yiuf is moderately wounded.
Crazy Yiuf says, "Key!"
Crazy Yiuf misses you.
You barely miss Crazy Yiuf.
Crazy Yiuf is moderately wounded.
Your transformation is almost over.
Crazy Yiuf hits you with a +2 quarterstaff of chaos.
Crazy Yiuf grits, "Castle pontify arga!"
Crazy Yiuf yells, "Gnoll!"
You see here a +0 mace.
Your transformation has ended.
You see here a +0 mace.
Crazy Yiuf looks more healthy.
Casting: Beastly Appendage (safe; 9% risk of failure)
Press: ? - help, Q - select action, (/) - cycle Dir - look around, f - activate You grow a pair of large bovine horns.
You scratch Crazy Yiuf. Your headbutt misses Crazy Yiuf.
You bite Crazy Yiuf, but do no damage.
Crazy Yiuf is almost dead.
Crazy Yiuf barely misses you.
You scratch Crazy Yiuf. Your headbutt misses Crazy Yiuf.
Crazy Yiuf is almost dead.
Crazy Yiuf hits you with a +2 quarterstaff of chaos!
Ouch! That really hurt!
* * * LOW HITPOINT WARNING * * *
You are electrocuted!
Ouch! That really hurt!
You die...

###♣♣♣♣♣ ##..).♣.♣♣♣ ###
##)))PP.♣..♣#...#
#....PP♣♣♣♣.'...# ######
#####..)..♣♣ ♣♣#..)# .....#
#......##♣♣ ### .....# #......#
.....# #.....g#
.....######.....@##############
..............................#
.....#########.......>........#
.....# #.......<........#
.....# #..........##.####
.....### #.....)....##.######
.......### #.....!............#
######...# #..........##..###..
###.### #..........###.#####


You could see Crazy Yiuf.

Vanquished Creatures
  A worm (D:2)
  A dart slug (D:2)
  A giant cockroach (D:1)
  5 goblins
  5 hobgoblins
  2 quokkas
  2 ball pythons
  3 bats
  3 rats
23 creatures vanquished.

Vanquished Creatures (others)
  A goblin (D:2)
1 creature vanquished.

Grand Total: 24 creatures vanquished

Notes
Turn   | Place    | Note
-------+----------+-------------------------------------------
     0 | D:1      | Milton the Felid Transmuter began the quest for the Orb.
     0 | D:1      | Reached XP level 1. HP: 9/9 MP: 4/4
   342 | D:1      | Reached XP level 2. HP: 7/12 MP: 4/6
   355 | D:1      | Learned a level 2 spell: Wereblood
   623 | D:2      | Reached skill level 1 in Stealth
  1013 | D:2      | Found a faded altar of an unknown god.
  1023 | D:2      | Prayed at the altar of an unknown god.
  1023 | D:2      | Became a worshipper of Makhleb the Destroyer
  1023 | D:2      | Reached * piety under Makhleb
  1128 | D:2      | Found a runed translucent door.
  1129 | D:2      | Noticed Crazy Yiuf
  1352 | D:3      | Reached XP level 3. HP: 12/15 MP: 5/7
  1356 | D:3      | Learned a level 3 spell: Spider Form
  1460 | D:2      | Mangled by Crazy Yiuf

Illustrated notes

Levels and vault maps discovered:
D:1:      tarquinn_simple_flora_water_d, layout_basic
D:2:      layout_rooms, shapermc_ecumenical_altar_totnotflames,
          uniq_crazy_yiuf_cottage
D:3:      layout_basic, st_stairs_1

Skill      XL: |  1  2 |
---------------+-------+-----
Stealth        | 1 |  1.2
Dodging        | 3 |  3.0
Fighting       | |  1.3
Unarmed Combat | |  3.3
Spellcasting   | |  2.3
Transmutations | |  2.4

Action                   || total
-------------------------++-------
Melee: Unarmed           ||    58
       Headbutt          ||    11
       Bite              ||     5
       Punch             ||     3
 Cast: Beastly Appendage ||    15
       Wereblood         ||     1
       Spider Form       ||     1
  Use: Scroll            ||     4
 Stab: Sleeping          ||     5
Armor: Skin              ||     5
Dodge: Dodged            ||    36
